 Dungeon Crawl Stone Soup version 0.30-a0-930-gb9d0489357 (webtiles) character file.

Game seed: 17724327712404246118

856 Axe the Conjurer (level 7, -2/41 HPs)
             Began as a Deep Elf Fire Elementalist on Mar 24, 2023.
             Shot with an arrow by a centaur (12 damage)
             ... on level 5 of the Dungeon.
             The game lasted 00:11:13 (5444 turns).

Axe the Conjurer (Deep Elf Fire Elementalist)       Turns: 5444, Time: 00:11:13

Health: -2/41      AC:  4    Str:  5    XL:     7   Next: 70%
Magic:  15/17      EV: 12    Int: 22    God:
Gold:   216        SH:  0    Dex: 15    Spells: 10/17 levels left

rFire   . . .      SeeInvis .    d - +1 dagger (venom)
rCold   + . .      Faith    .    (no shield)
rNeg    . . .      Spirit   .    a - +0 robe
rPois   +          Reflect  .    (no helmet)
rElec   .          Rampage  .    (no cloak)
rCorr   .                        (no gloves)
Will    .....                    j - +1 pair of boots
Stlth   ++                       (no amulet)
HPRegen 0.26/turn                g - ring of protection from cold
MPRegen 0.15/turn                q - ring of poison resistance

@: about to teleport
A: no striking features
a: no special abilities


You were on level 5 of the Dungeon.
You visited 1 branch of the dungeon, and saw 5 of its levels.

You collected 216 gold pieces.

Inventory:

Hand Weapons
 d - a +1 dagger of venom (weapon)
 r - a +3 dagger
Missiles
 m - a throwing net
Armour
 a - a +0 robe (worn)
 j - a +1 pair of boots (worn)
 p - a +1 ring mail of cold resistance
Jewellery
 g - a ring of protection from cold (left hand)
 q - a ring of poison resistance (right hand)
 s - a ring of protection from cold
Scrolls
 c - 6 scrolls of identify
 i - a scroll of torment {unknown}
 l - 3 scrolls of amnesia
 o - a scroll of vulnerability {unknown}
Potions
 b - 4 potions of magic
 e - a potion of mutation {unknown}
 f - a potion of haste {unknown}
 k - 5 potions of curing {unknown}
 n - 2 potions of brilliance


   Skills:
 + Level 3.0 Fighting
 - Level 2.4 Dodging
 - Level 2.4 Stealth
 + Level 5.8 Spellcasting
 * Level 6.1 Conjurations
 + Level 5.3 Fire Magic


You had 10 spell levels left.
You knew the following spells:

 Your Spells              Type           Power      Damage    Failure   Level
a - Scorch                Fire           60%        2d8       1%          2
b - Foxfire               Conj/Fire      100%       2x1d9     1%          1
c - Flame Wave            Conj/Fire      31%        2d9       9%          4

Your spell library contained the following spells:

 Spells                   Type           Power      Damage    Failure   Level
 Inner Flame              Hex/Fire       18%        N/A       10%         3
 Ensorcelled Hibernation  Hex/Ice        12%        N/A       14%         2
 Passwall                 Tmut/Erth      5%         N/A       14%         2
 Sublimation of Blood     Necr           6%         N/A       14%         2
 Wereblood                Tmut           6%         N/A       14%         2
 Kindle Blastsparks       Fire/Tloc/Air  28%        2d12      14%         3
 Swiftness                Air            6%         N/A       28%         3
 Summon Hydra             Summ           3%         N/A       100%        7


Dungeon Overview and Level Annotations

Branches:
Dungeon (5/15)
 Temple: D:4-7

Altars:
Nemelex Xobeh
Ru
Wu Jian


Message History

An adder comes into view.
You see here 5 gold pieces.
You see here a book of Blood.
You pick up a book of Blood and begin reading...
You add the spells Sublimation of Blood, Wereblood and Summon Hydra to your library.
The adder hisses angrily.
Casting: Scorch (safe; 1% risk of failure)
Confirm with . or Enter, or press ? or * to list all spells.
Flames lash the adder.
The adder is severely wounded.
The adder's fire resistance burns away.
The adder barely misses you.
Casting: Scorch (safe; 1% risk of failure)
Confirm with . or Enter, or press ? or * to list all spells.
Flames lash the adder.
The adder is burned terribly!
You kill the adder!
You start resting.
Magic restored.
You now have 216 gold pieces (gained 5).
A centaur comes into view.
A gnoll comes into view. It is wielding a +0 halberd.
The centaur shouts!
The centaur wields a +0 shortbow.
The centaur shoots an arrow.
The arrow hits you!
You hear a shout!
Casting: Scorch (safe; 1% risk of failure)
Confirm with . or Enter, or press ? or * to list all spells.
Flames lash the centaur.
The centaur is moderately wounded.
The centaur's fire resistance burns away.
The centaur shoots an arrow.
The arrow hits you!
A centaur is nearby!
A gnoll comes into view. It is wielding a +0 whip.
The centaur shoots an arrow.
The arrow hits you!
The gnoll hits you from afar with a +0 halberd.
* * * LOW HITPOINT WARNING * * *
As you read the scroll of teleportation, it crumbles to dust.
You feel strangely unstable.
The centaur is no longer more vulnerable to fire.
The centaur shoots an arrow.
The arrow hits you!
You die...

## ##..##.##.#...
..## #. #
.....##.#####
..#####. #
.##..##.#
#.#..... # #.#
#..##.# #.#.###.
# #.. .g##.#
#...# #. # ....
#.##.# ##..####>
# #.g. #.##.#
##.....##. #
#...##..#.#
#..###.##. #
#..g.#@#.#####.##
#.##. .
##...#.#.......#
#.##.
##......#######
#.##. ##c....#
#..#.
##.........#
###.#.
#..........#
#.....
.............#
#.....
####...>.....#
#..[..
#.........#
#.....


You could see a centaur and a gnoll.

Vanquished Creatures
  Edmund (D:4)
  An ice beast (D:5)
  An ogre (D:4)
  2 scorpions
  A hound (D:4)
  A gnoll bouda (D:4)
  An iguana (D:4)
  2 orc wizards
  6 adders
  10 gnolls
  2 ufetubi (D:4)
  2 worms
  2 dart slugs
  17 orcs
  8 ball pythons
  4 endoplasms
  7 giant cockroaches
  15 goblins
  15 hobgoblins
  4 quokkas
  5 bats
  10 frilled lizards
  13 kobolds
  10 rats
140 creatures vanquished.

Vanquished Creatures (others)
  33 foxfires
  3 plants (D:4)
36 creatures vanquished.

Grand Total: 176 creatures vanquished

Notes
Turn   | Place    | Note
-------+----------+-------------------------------------------
     0 | D:1      | Axe the Deep Elf Fire Elementalist began the quest for the
                  | Orb.
     0 | D:1      | Reached XP level 1. HP: 10/10 MP: 6/6
   149 | D:1      | Reached XP level 2. HP: 16/16 MP: 4/8
   156 | D:1      | Learned a level 2 spell: Scorch
   369 | D:1      | Reached skill level 2 in Conjurations
   693 | D:1      | Reached XP level 3. HP: 20/20 MP: 6/9
  1407 | D:2      | Reached skill level 1 in Fighting
  1750 | D:3      | Reached XP level 4. HP: 25/25 MP: 6/11
  1789 | D:3      | Reached skill level 3 in Conjurations
  2078 | D:3      | Found a sparkling altar of Nemelex Xobeh.
  2079 | D:3      | Found an ornate altar of the Wu Jian Council.
  2082 | D:3      | Found a sacrificial altar of Ru.
  2409 | D:3      | Learned a level 4 spell: Flame Wave
  2656 | D:3      | Reached XP level 5. HP: 29/29 MP: 8/13
  3125 | D:4      | Reached skill level 4 in Conjurations
  3148 | D:4      | Reached XP level 6. HP: 10/35 MP: 1/14
  3743 | D:4      | Noticed Edmund
  4150 | D:4      | Reached skill level 5 in Spellcasting
  4150 | D:4      | Reached skill level 5 in Conjurations
  4331 | D:4      | Reached XP level 7. HP: 40/40 MP: 9/16
  4812 | D:4      | HP: 2/40 [Edmund/+0 flail of distortion (3)]
  4813 | D:4      | Killed Edmund
  4814 | D:4      | Reached skill level 5 in Fire Magic
  5075 | D:5      | Entered Level 5 of the Dungeon
  5188 | D:5      | Reached skill level 6 in Conjurations
  5444 | D:5      | Shot with an arrow by a centaur

Illustrated notes

Levels and vault maps discovered:
D:1:      wander_arrival_peaceful_grave, layout_basic, minmay_octomino_c4
D:2:      layout_rooms, skrybe_limestone_x
D:3:      layout_loops_ring, minitemple, kennysheep_generic_room_4
D:4:      corexii_shantytown, layout_basic, uniq_edmund
D:5:      layout_rooms

Skill      XL: |  1  2  3  4  5  6  7 |
---------------+----------------------+-----
Conjurations   | 2 3 4 5 6 |  6.1
Fighting       | 1 2 3 |  3.0
Spellcasting   | 4 5 |  5.8
Fire Magic     | 4 5 |  5.3
Dodging        | |  2.4
Stealth        | |  2.4

Action                     |  1- 3 |  4- 6 |  7- 9 || total
---------------------------+-------+-------+-------++-------
  Melee: Dagger            |    17 |    15 |    11 ||    43
   Cast: Foxfire           |    16 |     3 |       ||    19
         Scorch            |    48 |    98 |    38 ||   184
    Use: Scroll            |       |     8 |     1 ||     9
 Armour: Robe              |     8 |    10 |     5 ||    23
  Dodge: Dodged            |    19 |    39 |    11 ||    69

Table legend: (Time is in decaauts)
 A = Elapsed time spent in this place.
 B = Non-inter-level travel time spent in this place.
 C = Inter-level travel time spent in this place.
 D = Time resting spent in this place.
 E = Time spent auto-exploring this place.
 F = Levels seen in this place.
 G = Mean time per level.
                   A        B        C        D        E       F      G
               +--------+--------+--------+--------+--------+-----+--------+
         Total |   5441 |   5359 |     82 |   2493 |   2027 |   5 | 1088.2 |
       Dungeon |   5441 |   5359 |     82 |   2493 |   2027 |   5 | 1088.2 |
               +--------+--------+--------+--------+--------+-----+--------+

Top non-repeatable levels by time:
     D:4: 1974 daAuts
     D:3: 1547 daAuts
     D:1: 943 daAuts
     D:2: 607 daAuts
     D:5: 368 daAuts
